 Dungeon Crawl Stone Soup version 0.26.1-2-gb8aa6d0 (webtiles) character file.

Game seed: 11067916717434898920

209 Sixotanaka the Chopper (level 5, -2/45 HPs)
             Began as a Minotaur Berserker on Feb 20, 2021.
             Was a Believer of Trog.
             Shot with an arrow by a centaur (6 damage)
             ... on level 4 of the Dungeon.
             The game lasted 00:14:24 (3541 turns).

Sixotanaka the Chopper (Minotaur Berserker)         Turns: 3541, Time: 00:14:25

Health: -2/45      AC:  7    Str: 21    XL:     5   Next: 55%
Magic:  4/4        EV: 11    Int:  4    God:    Trog [**....]
Gold:   256        SH:  0    Dex: 11    Spells: 4/4 levels left

rFire    . . .     SeeInvis .   a - +0 hand axe
rCold    . . .     Faith    .   (no shield)
rNeg     . . .     Spirit   .   i - +0 ring mail
rPois    .         Reflect  .   (helmet restricted)
rElec    .         Harm     .   u - +0 cloak
rCorr    .         Rampage  .   (no gloves)
Will     ++...                  t - +0 pair of boots
Stlth    +.........             (no amulet)
HPRegen  1.15/turn              (no ring)
MPRegen  0.09/turn              (no ring)

@: berserk cooldown, regenerating, slowed, very slow
A: retaliatory headbutt, horns 2
a: Renounce Religion, Berserk, Trog's Hand


You were on level 4 of the Dungeon.
You worshipped Trog.
Trog was pleased with you.
You visited 1 branch of the dungeon, and saw 4 of its levels.

You collected 256 gold pieces.

Inventory:

Hand Weapons
 a - a +0 hand axe (weapon)
 l - a +0 quarterstaff
Missiles
 p - 3 boomerangs
Armour
 f - a +0 leather armour
 i - a +0 ring mail (worn)
 t - a +0 pair of boots (worn)
 u - a +0 cloak (worn)
Wands
 r - a wand of paralysis (6)
Scrolls
 e - a scroll of immolation
 g - a scroll of remove curse {unknown}
 j - a scroll of amnesia {unknown}
 k - 4 scrolls of blinking
 n - 2 scrolls of enchant armour
 q - 2 scrolls of fear
Potions
 b - a potion of ambrosia
 c - 7 potions of curing
 d - a potion of flight {unknown}
 h - 2 potions of heal wounds
 m - a potion of invisibility
 o - a potion of might {unknown}
 s - a potion of brilliance


   Skills:
 - Level 3.6 Fighting
 + Level 5.9(6.6) Axes
 - Level 4.6(6.0) Maces & Flails
 - Level 2.4 Armour
 - Level 2.1 Dodging


You had 4 spell levels left.
You didn't know any spells.
Your spell library was empty.

Dungeon Overview and Level Annotations

Branches:
Dungeon (4/15)
 Temple: D:4-7

Altars:
Gozag


Innate Abilities, Weirdness & Mutations

You reflexively headbutt those who attack you in melee.
You have a pair of horns on your head.


Message History

You closely miss the centaur.
The centaur is moderately wounded.
The centaur shoots an arrow.
The arrow hits you. The centaur barely misses you. You furiously retaliate!
You headbutt the centaur. You hit the centaur.
The centaur is severely wounded.
You are no longer berserk.
You are exhausted.
You feel yourself slow down. The centaur hits you.
The centaur shoots an arrow.
The arrow hits you.
* * * LOW HITPOINT WARNING * * *
Your skin crawls.
You feel strong-willed. The centaur closely misses you.
You furiously retaliate!
You headbutt the centaur, but do no damage.
The centaur shoots an arrow.
The arrow hits you!
* * * LOW HITPOINT WARNING * * *
The centaur hits you but does no damage.
The centaur shoots an arrow.
The arrow hits you.
You die...

...##...# #..#..!#...
......#.......+
#...#..##...#
##...#..##...#
##.##....#.......#####
.......c(#...........#
....##'##...........#
... #.c@(...........#
.. #..(............# .
#+####.###..##..#
#..###.###..##..#
+........#.)....#
#........#......#
#........#......#
#........#......#
#..###..##..##..#


You could see 2 centaurs.

Vanquished Creatures
  A phantom (D:4)
  4 adders (D:3)
  A shadow imp (D:3)
  4 worms
  2 dart slugs
  3 orcs (D:3)
  4 giant cockroaches
  5 goblins
  7 hobgoblins
  10 jackals
  4 kobolds (D:3)
  2 quokkas (D:3)
  A ball python (D:2)
  4 bats
  2 frilled lizards
  9 rats
63 creatures vanquished.

Notes
Turn   | Place    | Note
-------+----------+-------------------------------------------
     0 | D:1      | Sixotanaka the Minotaur Berserker began the quest for the
                  | Orb.
     0 | D:1      | Reached XP level 1. HP: 19/19 MP: 0/0
    35 | D:1      | Reached skill level 1 in Maces & Flails
   405 | D:1      | Reached XP level 2. HP: 26/26 MP: 1/1
   732 | D:1      | You fall into a shaft and drop 1 floor!
   899 | D:2      | Reached XP level 3. HP: 28/31 MP: 2/2
   981 | D:2      | Found an opulent altar of Gozag.
  1600 | D:3      | Reached ** piety under Trog
  2208 | D:3      | Reached XP level 4. HP: 39/39 MP: 3/3
  2249 | D:3      | Reached skill level 4 in Axes
  3221 | D:4      | Noticed a phantom
  3253 | D:4      | Killed a phantom
  3254 | D:4      | Reached skill level 5 in Axes
  3254 | D:4      | Reached XP level 5. HP: 41/45 MP: 4/4
  3523 | D:4      | Noticed a centaur
  3523 | D:4      | Noticed a centaur
  3541 | D:4      | Shot with an arrow by a centaur

Illustrated notes

Levels and vault maps discovered:
D:1:      dpeg_arrival_oval, layout_basic, minmay_tripent
D:2:      layout_loops_ring, minmay_misc_feat_encased,
          nicolae_gozag_cash_rules_everything_around_me
D:3:      minmay_inner_zag, layout_loops_cross, chequers_serial_rivers_room_a
D:4:      layout_gridville, zin_statuary, minmay_manual_mares, uniq_natasha

Skill      XL: |  1  2  3  4 |
---------------+-------------+-----
Maces & Flails | 2 3 4 |  4.6
Axes           | 5 |  5.9
Fighting       | |  3.6
Armour         | |  2.4
Dodging        | |  2.1

Action                   |  1- 3 |  4- 6 || total
-------------------------+-------+-------++-------
Melee: Hand axe          |   122 |    59 ||   181
       Headbutt          |    14 |     8 ||    22
Invok: Berserk           |     1 |     4 ||     5
       Trog's Hand       |       |     1 ||     1
  Use: Scroll            |       |    10 ||    10
Armor: Animal skin       |     2 |       ||     2
       Ring mail         |    21 |    21 ||    42
       Leather armour    |     5 |       ||     5
Dodge: Dodged            |    66 |    42 ||   108
